 Dungeon Crawl Stone Soup version 0.28.0-45-g0d030f2227 (webtiles) character file.

Game seed: 7883013224779560498

125 sking99 the Charlatan (level 4, 24/32 HPs)
             Began as a Demonspawn Artificer on May 20, 2022.
             Was a Believer of Makhleb.
             Quit the game on level 3 of the Dungeon.
             The game lasted 00:07:00 (3647 turns).

sking99 the Charlatan (Demonspawn Artificer)        Turns: 3647, Time: 00:07:00

Health: 24/32      AC: 10    Str: 14    XL:     4   Next: 82%
Magic:  6/6        EV: 11    Int: 13    God:    Makhleb [**....]
Gold:   108        SH:  0    Dex: 13    Spells: 3/3 levels left

rFire   . . .      SeeInvis .   h - +0 whip
rCold   . . .      Faith    .   (no shield)
rNeg    . . .      Spirit   .   b - +0 leather armour
rPois   .          Reflect  .   (no helmet)
rElec   .          Harm     .   (no cloak)
rCorr   .          Rampage  .   o - +1 pair of gloves
Will    .....                   j - +2 pair of boots
Stlth   +.........              (no amulet)
HPRegen 0.10/turn               (no ring)
MPRegen 0.10/turn               (no ring)

@: no status effects
A: molten scales 1, demonic magic 1
a: Renounce Religion, Minor Destruction


You were on level 3 of the Dungeon.
You worshipped Makhleb.
Makhleb was pleased with you.
You visited 1 branch of the dungeon, and saw 3 of its levels.

You collected 108 gold pieces.

Inventory:

Hand Weapons
 h - a +0 whip (weapon)
Armour
 b - a +0 leather armour (worn)
 j - a +2 pair of boots (worn)
 o - a +1 pair of gloves (worn)
Jewellery
 k - an amulet of the acrobat
 q - a ring of wizardry
Wands
 c - a wand of flame (9)
 d - a wand of charming (15)
 p - a wand of acid (12)
Scrolls
 i - a scroll of teleportation {unknown}
 n - 3 scrolls of enchant armour
Potions
 a - 2 potions of degeneration
 f - 2 potions of attraction
 g - 3 potions of haste {unknown}
 l - 2 potions of mutation {unknown}
 m - a potion of brilliance {unknown}
 r - a potion of berserk rage {unknown}
Miscellaneous
 e - a piece from Xom's chessboard (11/15) (quivered)


   Skills:
 - Level 1.4 Fighting
 * Level 2.8 Maces & Flails
 - Level 1.9 Armour
 - Level 1.1 Dodging
 - Level 0.8 Stealth
 + Level 2.9 Invocations
 - Level 3.2 Evocations


You had 3 spell levels left.
You didn't know any spells.
Your spell library contained the following spells:

 Spells                   Type           Power      Damage    Failure   Level
 Magic Dart               Conj           0%         1d3       36%         1
 Call Imp                 Summ           0%         N/A       50%         2
 Mephitic Cloud           Conj/Pois/Air  0%         N/A       75%         3


Dungeon Overview and Level Annotations

Branches:
Dungeon (3/15)

Altars:
Cheibriados
Hepliaklqana
Makhleb
Qazlal

Shops:
D:2 (


Innate Abilities, Weirdness & Mutations

You are partially covered in molten scales. (AC +2)
Spells you cast may paralyse adjacent enemies.


Message History

You barely miss the bat.
The bat is moderately wounded.
The bat hits you. The adder barely misses you. x2
The bat hits you but does no damage. x2; The bat barely misses you.
The adder bites you. The adder barely misses you.
Non-targeted evoke: piece from Xom's chessboard (12/15)
Press: ? - help, Q - select action, (/) - cycle Dir - look around, f - activate Look: an adder (fast)
You make a move on Xom's chessboard...
The bat seems to slow down.
The bat hits you but does no damage. The adder completely misses you.
The adder bites you but does no damage.
You closely miss the adder. The bat hits you but does no damage.
The adder misses you. The bat hits you but does no damage.
You closely miss the bat.
The bat is moderately wounded.
The bat closely misses you. The adder closely misses you.
The adder bites you but does no damage. The bat hits you.
You closely miss the bat.
The bat is moderately wounded.
The adder bites you but does no damage. The bat hits you but does no damage.
The adder bites you but does no damage. The bat hits you but does no damage.
You hit the bat but do no damage.
The bat is moderately wounded.
The bat barely misses you. The adder completely misses you.
The bat hits you but does no damage. The adder barely misses you.
You closely miss the bat.
The bat is moderately wounded.
The bat hits you but does no damage. The adder bites you but does no damage.
The bat closely misses you. The adder bites you.
You barely miss the adder. The adder misses you. The adder closely misses you.
You miss the adder. The bat barely misses you. The adder barely misses you.
The bat barely misses you. The adder barely misses you.
You hit the adder.
The adder is lightly wounded.
The bat hits you but does no damage.
The adder bites you but does no damage. x2
You hit the adder. Your punch misses the adder.
The adder is severely wounded.
The bat barely misses you. The adder bites you but does no damage.
The bat hits you but does no damage. The adder bites you but does no damage.
Are you sure you want to abandon this character and quit the game? (Confirm with "yes".)

######### #...S...#
#..b@...########
#.####.........#
#........##.#
....#...##.##.####
#.####...##.......#
# .....#####.##.#
.....#.# #.#..#
######.. ..#.## .
#############.#


You could see an adder (fast) and a bat (fast, slow).

Vanquished Creatures
  A hound (D:3)
  3 adders
  A worm (D:2)
  2 dart slugs
  4 orcs (D:3)
  6 ball pythons
  5 endoplasms
  3 giant cockroaches
  7 goblins
  5 hobgoblins
  3 kobolds
  3 quokkas
  6 bats
  2 frilled lizards
  4 rats
55 creatures vanquished.

Notes
Turn   | Place    | Note
-------+----------+-------------------------------------------
     0 | D:1      | sking99 the Demonspawn Artificer began the quest for the
                  | Orb.
     0 | D:1      | Reached XP level 1. HP: 15/15 MP: 1/1
   284 | D:1      | Found a faded altar of an unknown god.
   297 | D:1      | Prayed at the altar of an unknown god.
   297 | D:1      | Became a worshipper of Makhleb the Destroyer
   297 | D:1      | Reached * piety under Makhleb
   346 | D:1      | Reached skill level 1 in Dodging
   845 | D:1      | Gained mutation: You are partially covered in molten
                  | scales. (AC +2) [demonic ancestry]
   845 | D:1      | Reached XP level 2. HP: 12/21 MP: 2/2
  1619 | D:2      | Found a snail-covered altar of Cheibriados.
  1658 | D:2      | Reached skill level 1 in Invocations
  1797 | D:2      | Found Uviplof's Antique Weapon Boutique.
  1813 | D:2      | Reached skill level 1 in Maces & Flails
  1825 | D:2      | Reached XP level 3. HP: 26/26 MP: 2/4
  2263 | D:2      | Reached ** piety under Makhleb
  2825 | D:2      | Gained mutation: Spells you cast may paralyse adjacent
                  | enemies. [demonic ancestry]
  2825 | D:2      | Reached XP level 4. HP: 30/32 MP: 5/5
  3281 | D:3      | Found a hazy altar of Hepliaklqana.
  3281 | D:3      | Found a stormy altar of Qazlal.
  3647 | D:3      | Quit the game

Illustrated notes

Levels and vault maps discovered:
D:1:      lightli_iron_boxes, layout_basic, chequers_ecumenical_altar_island,
          lemuel_flame_loot_1
D:2:      layout_loops_ring, basic_altar, serial_shops, shop
D:3:      layout_loops_cross, gammafunk_temple_overflow_wave,
          gup_sewer_entry_glass, glass_columns_c

Skill      XL: |  1  2  3 |
---------------+----------+-----
Dodging        | 1 |  1.1
Invocations    | 1 2 |  2.9
Maces & Flails | 1 2 |  2.8
Fighting       | |  1.4
Armour         | |  1.9
Stealth        | |  0.8
Evocations     | |  3.2

Action                   |  1- 3 |  4- 6 || total
-------------------------+-------+-------++-------
Melee: Club              |    31 |       ||    31
       Whip              |   162 |   110 ||   272
       Punch             |     2 |     2 ||     4
Evoke: Wand              |     6 |       ||     6
       Piece from Xom's  |     4 |     4 ||     8
  Use: Scroll            |     4 |       ||     4
 Stab: Sleeping          |     3 |       ||     3
Armor: Leather armour    |    85 |    67 ||   152
Dodge: Dodged            |   133 |    87 ||   220
